 Dungeon Crawl Stone Soup version bcrawl-1.19.2-6-g6a88ae04c9 (webtiles) character file.

Game seed: 7881131857167973704

28 Chiseanne the Skirmisher (level 3, -1/29 HPs)
             Began as a Mummy Archaeologist on Jan 11, 2020.
             Slain by a worm (6 damage)
             ... on level 2 of the Dungeon.
             The game lasted 00:02:30 (1670 turns).

Chiseanne the Skirmisher (Mummy Archaeologist)      Turns: 1670, Time: 00:02:31

Health: -1/29      AC:  8    Str: 14    XL:     3   Next: 0%
Magic:  3/3        EV: 11    Int: 13    God:
Gold:   173        SH:  0    Dex: 11    Spells: 2/2 levels left

rFire    x . .     SeeInvis .   o - +0 short sword
rCold    + . .     Gourm    .   (no shield)
rNeg     + + +     Faith    .   l - +0 ring mail
rPois    ∞         Spirit   .   c - +1 hat
rElec    .         Reflect  .   p - scarf {repulsion}
rCorr    .         Harm     .   (no gloves)
MR       .....     Clarity  +   d - +1 pair of boots
Stlth    +++.......             (no amulet)
HPRegen  0.09/turn              h - ring of stealth
MPRegen  0.08/turn              (no ring)

@: studying Dodging, repel missiles
A: no food or potions, fire vulnerability, clarity, cold resistance 1, negative
energy resistance 3, torment resistance, unbreathing
a: no special abilities


You were on level 2 of the Dungeon.
You were not hungry.

You visited 1 branch of the dungeon, and saw 2 of its levels.

You collected 173 gold pieces.

Inventory:

Hand Weapons
 o - a +0 short sword (weapon)
Missiles
 a - 108 arrows
 g - 425 sling bullets
 j - 335 stones (quivered)
 m - 104 poisoned needles
 n - 69 tomahawks
Armour
 c - a +1 hat (worn)
 d - a +1 pair of boots (worn)
 l - a +0 ring mail (worn)
 p - a scarf of repulsion (worn)
Jewellery
 h - a ring of stealth (left hand)
 i - a +5 ring of intelligence {unknown}
Scrolls
 b - 2 scrolls of enchant weapon
 k - a scroll of magic mapping {unknown}
 q - a scroll of fog
Books
 e - a manual of Dodging
Miscellaneous
 f - an ancient crate


   Skills:
 - Level 3.0 Fighting
   Level 0.7 Maces & Flails
 + Level 2.4 Dodging
 - Level 2.6 Stealth


You had 2 spell levels left.
You didn't know any spells.
Your spell library was empty.

Dungeon Overview and Level Annotations

Branches:
Dungeon (2/12)

Altars:


Innate Abilities, Weirdness & Mutations

You do not eat or drink.
Your flesh is vulnerable to fire.
You are immune to poison.
You possess an exceptional clarity of mind.
Your flesh is cold resistant. (rC+)
You are immune to negative energy. (rN+++)
You are immune to unholy pain and torment.
You can survive without breathing.


Message History

You hit the worm.
The worm is severely wounded.
You barely miss the worm.
The worm is severely wounded.
The worm bites you but does no damage.
You barely miss the worm.
The worm is severely wounded.
You barely miss the worm.
The worm is severely wounded.
The worm bites you.
You hit the worm.
The worm is almost dead.
The worm bites you.
* * * LOW HITPOINT WARNING * * *
You barely miss the worm.
The worm is severely wounded.
Your ring mail prevents you from hitting the worm.
The worm is severely wounded.
The worm bites you.
You die...

########### ####
#....##...[ #...
#..........
#...#######....###...
#....[....#....# #...
#..w@.....#....# #..≈
..................###≈≈≈
..##..$?.....#.......≈≈≈
#.........#........≈≈
#..(......#......!..≈
#.).#######..........
......................
############.........≈
#.........≈


You could see a worm.

Vanquished Creatures
  A leopard gecko (D:1)
  A bat (D:1)
  2 giant cockroaches
  3 goblins (D:1)
  6 hobgoblins
  5 kobolds
  A frilled lizard (D:2)
  6 rats
25 creatures vanquished.

Notes
Turn   | Place    | Note
-------+----------+-------------------------------------------
     0 | D:1      | Chiseanne the Mummy Archaeologist began the quest for the
                  | Orb.
     0 | D:1      | Reached XP level 1. HP: 15/15 MP: 1/1
   123 | D:1      | Reached skill level 2 in Fighting
   172 | D:1      | Reached XP level 2. HP: 22/22 MP: 2/2
  1492 | D:2      | Reached skill level 3 in Fighting
  1551 | D:2      | Reached XP level 3. HP: 29/29 MP: 3/3
  1670 | D:2      | Slain by a worm

Skill      XL: |  1  2 |
---------------+-------+-----
Fighting       | 2 3 |  3.0
Maces & Flails | |  0.7
Dodging        | |  2.4
Stealth        | |  2.6

Action                   || total
-------------------------++-------
Melee: Whip              ||   113
       Short sword       ||    17
  Use: Scroll            ||     5
 Stab: Sleeping          ||     7
       Distracted        ||     1
Armor: Robe              ||    21
       Ring mail         ||    23
Dodge: Dodged            ||    64
